 Dungeon Crawl Stone Soup version 0.30-a0-305-g026cb31310 (webtiles) character file.

Game seed: 17790380096243088950

129230 purpskrrrp the Severer (level 16, 0/147 HPs)
             Began as a Minotaur Fighter on Oct 21, 2022.
             Was the Champion of the Shining One.
             Succumbed to a swamp dragon's poison gas
             ... on level 1 of the Swamp.
             The game lasted 01:06:32 (27309 turns).

purpskrrrp the Severer (Minotaur Fighter)          Turns: 27309, Time: 01:06:33

Health: 0/147      AC: 24    Str: 37    XL:     16   Next: 50%
Magic:  20/23      EV: 23    Int:  2    God:    the Shining One [******]
Gold:   1568       SH: 16    Dex: 21    Spells: 15/15 levels left

rFire   . . .      SeeInvis .    I - +8 battleaxe (protect)
rCold   + . .      Faith    .    (shield currently unavailable)
rNeg    + + +      Spirit   .    U - +4 chain mail
rPois   .          Reflect  +    (helmet restricted)
rElec   +          Harm     .    h - +0 cloak of the Turtle {Dex+7}
rCorr   +          Rampage  .    X - +0 pair of gloves
Will    +....                    E - +0 pair of boots
Stlth   ..........               B - amulet "Hebbu" {Reflect rC+ SH+5}
HPRegen 0.44/turn                C - ring "Hiuv" {rN+ rCorr Str+2 Dex+4}
MPRegen 0.18/turn                s - ring of Ekeiply {rElec Will- EV+4 Str+10 Int-5}

@: lethally poisoned (0 -> -8), divinely shielded, glowing, studying 3 skills,
very slow
A: horns 2, retaliatory headbutt, iridescent scales 1, clumsy 1, strong-willed 1
a: Renounce Religion, Divine Shield, Cleansing Flame, Summon Divine Warrior,
Brand Weapon With Holy Wrath


You were on level 1 of the Swamp.
You worshipped the Shining One.
The Shining One was exalted by your worship.
You visited 4 branches of the dungeon, and saw 23 of its levels.
You visited the Abyss 1 time.
You visited 1 bazaar.
You also visited: Ice Cave.

You collected 2955 gold pieces.
You spent 1387 gold pieces at shops.

Inventory:

Hand Weapons
 o - the +12 flail of the Skies Above {vamp, *Noise rC+++ Str+8 Dex-5}
   (You found it on level 3 of the Lair of Beasts)

   It occasionally heals its wielder for a portion of the damage dealt when it
   wounds a living foe.
   Str:       It affects your strength (+8).
   Dex:       It affects your dexterity (-5).
   rC:        It renders you almost immune to cold.
   *Noise:    It may make noises in combat.
   The Shining One disapproves of the use of such an item.
 I - a +8 battleaxe of protection (weapon)
 N - a +2 broad axe of distortion
Missiles
 W - 12 curare-tipped darts
Armour
 h - the +0 cloak of the Turtle (worn) {Dex+7}
   (You bought it in a shop on level 7 of the Dungeon)

   Dex:       It affects your dexterity (+7).
 E - a +0 pair of boots (worn)
 T - a +2 tower shield of cold resistance
 U - a +4 chain mail (worn)
 X - a +0 pair of gloves (worn)
Jewellery
 b - the ring "Rodei" {rF+ Int+3 Dex+4}
   (You found it on level 1 of the Swamp)

   [ring of protection from fire]

   Int:       It affects your intelligence (+3).
   Dex:       It affects your dexterity (+4).
   rF:        It protects you from fire.
 s - the ring of Ekeiply (right hand) {rElec Will- EV+4 Str+10 Int-5}
   (You bought it in a shop in a bazaar)

   [ring of evasion]

   EV:        It affects your evasion (+4).
   Str:       It affects your strength (+10).
   Int:       It affects your intelligence (-5).
   rElec:     It insulates you from electricity.
   Will:      It decreases your willpower.
 B - the amulet "Hebbu" (around neck) {Reflect rC+ SH+5}
   (You acquired it on level 6 of the Dungeon)

   [amulet of reflection]

   It reflects blocked missile attacks.
   rC:        It protects you from cold.
   SH:        It affects your SH (+5).
 C - the ring "Hiuv" (left hand) {rN+ rCorr Str+2 Dex+4}
   (You acquired it on level 6 of the Dungeon)

   [ring of resist corrosion]

   Str:       It affects your strength (+2).
   Dex:       It affects your dexterity (+4).
   rN:        It protects you from negative energy.
   rCorr:     It protects you from acid and corrosion.
 H - a ring of flight
 Y - a +4 ring of slaying
 Z - the ring "Tujyatim" {+Blink Int+6 Dex+6}
   (You found it on level 4 of the Lair of Beasts)

   [ring of intelligence]

   Int:       It affects your intelligence (+6).
   Dex:       It affects your dexterity (+6).
   +Blink:    It lets you blink.
Wands
 e - a wand of digging (10)
 r - a wand of paralysis (22) (quivered)
 w - a wand of polymorph (13)
 z - a wand of flame (33)
 M - a wand of roots (15)
 R - a wand of quicksilver (4)
 S - a wand of mindburst (11)
Scrolls
 c - 6 scrolls of identify
 i - 2 scrolls of silence
 j - 4 scrolls of amnesia
 k - 4 scrolls of poison
 t - 8 scrolls of teleportation
 F - 2 scrolls of magic mapping
 P - 2 scrolls of fear
Potions
 a - a potion of flight
 d - 2 potions of cancellation
 f - 8 potions of curing
 g - 7 potions of mutation
 n - 8 potions of ambrosia
 u - 4 potions of resistance
 x - 3 potions of haste
 A - 3 potions of heal wounds
 O - 2 potions of berserk rage
Miscellaneous
 J - a box of beasts


   Skills:
 + Level 14.4 Fighting
 * Level 19.0(19.3) Axes
 - Level 5.7(13.6) Maces & Flails
 + Level 14.5 Armour
 + Level 13.1 Dodging
 - Level 9.6 Shields
 + Level 11.6 Invocations
 + Level 9.7 Evocations


You had 15 spell levels left.
You didn't know any spells.
Your spell library contained the following spells:

 Spells                   Type           Power      Damage    Failure   Level
 Apportation              Tloc           0%         N/A       86%         1
 Necrotise                Necr           0%         1d4       86%         1
 Sting                    Tmut/Pois      0%         1d3       86%         1
 Summon Small Mammal      Summ           0%         N/A       86%         1
 Ensorcelled Hibernation  Hex/Ice        0%         N/A       95%         2
 Passwall                 Tmut/Erth      0%         N/A       95%         2
 Poisonous Vapours        Pois/Air       0%         N/A       95%         2
 Sublimation of Blood     Necr           0%         N/A       95%         2
 Wereblood                Tmut           0%         N/A       95%         2
 Call Canine Familiar     Summ           0%         N/A       99%         3
 Dazzling Flash           Conj/Hex       0%         N/A       99%         3
 Gell's Gravitas          Tloc           0%         N/A       99%         3
 Ignite Poison            Fire/Tmut/Pois 0%         N/A       99%         3
 Kindle Blastsparks       Fire/Tloc/Air  0%         2d10      99%         3
 Lesser Beckoning         Tloc           0%         N/A       99%         3
 Summon Guardian Golem    Hex/Summ       0%         N/A       99%         3
 Swiftness                Air            0%         N/A       99%         3
 Teleport Other           Tloc           0%         N/A       99%         3
 Animate Armour           Summ/Erth      0%         N/A       100%        4
 Fulminant Prism          Conj/Hex       0%         3d6       100%        4
 Iskenderun's Mystic Bla  Conj/Tloc      0%         2d3       100%        4
 Olgreb's Toxic Radiance  Pois           0%         N/A       100%        4
 Petrify                  Tmut/Erth      0%         N/A       100%        4
 Sticky Flame             Conj/Fire      0%         2d3       100%        4
 Summon Lightning Spire   Summ/Air       0%         N/A       100%        4
 Agony                    Necr           0%         N/A       100%        5
 Blade Hands              Tmut           0%         N/A       100%        5
 Fireball                 Conj/Fire      0%         3d3       100%        5
 Irradiate                Conj/Tmut      0%         3d11      100%        5
 Iskenderun's Battlesphe  Conj           0%         2d6       100%        5
 Lee's Rapid Deconstruct  Erth           0%         3d4*      100%        5
 Silence                  Hex/Air        0%         N/A       100%        5
 Conjure Ball Lightning   Conj/Air       0%         3x3d6     100%        6
 Iron Shot                Conj/Erth      0%         9d1       100%        6
 Orb of Destruction       Conj           0%         9d5       100%        7
 Storm Form               Tmut/Air       0%         N/A       100%        7
 Summon Hydra             Summ           0%         N/A       100%        7
 Ignition                 Fire           0%         3d3       100%        8
 Maxwell's Capacitive Co  Air            0%         ∞         100%        8


Dungeon Overview and Level Annotations

Branches:
Dungeon (15/15)            Temple (0/1) D:4            Lair (5/5) D:8
  Swamp (1/4) Lair:2        Snake (0/4) Lair:3        Slime (0/5) Lair:4
    Orc (2/2) D:11            Elf (0/3) Orc:2        Vaults (0/5) D:13
 Depths (0/4) D:15          IceCv (visited)

Altars:
Cheibriados
Elyvilon
Fedhas
Gozag
Hepliaklqana
Kikubaaqudgha
Makhleb
Nemelex Xobeh
Okawaru
Qazlal
Vehumet
Wu Jian
Xom
Yredelemnul
The Shining One

Shops:
D:4 (   D:7 *   Orc:2 ?==


Innate Abilities, Weirdness & Mutations

You have a pair of horns on your head.
You reflexively headbutt those who attack you in melee.
You are partially covered in iridescent scales. (AC +2)
You are clumsy. (Dex -2)
You are strong-willed. (Will+)


Message History

You are too injured to fight recklessly!
You are too injured to fight recklessly!
You are too injured to fight recklessly!
You are too injured to fight recklessly!
You are too injured to fight recklessly!
You are too injured to fight recklessly!
You are too injured to fight recklessly!
You are too injured to fight recklessly!
You are too injured to fight recklessly!
You are too injured to fight recklessly!
You are too injured to fight recklessly!
You are too injured to fight recklessly!
As you read the scroll of fear, it crumbles to dust.
You assume a fearsome visage.
The eleionoma looks frightened!
The swamp dragon looks frightened!
The alligator resists with some effort.
The vampire mosquito is unaffected. x4; The goliath frog looks frightened!
You are engulfed in poison gas.
You are more poisoned.
* * * LOW HITPOINT WARNING * * *
x2 You feel extremely sick.
You block the vampire mosquito's attack.
The vampire mosquito barely misses you. The vampire mosquito misses you.
The vampire mosquito completely misses you.
The alligator puts on a burst of speed!
You feel better.
You are engulfed in poison gas.
You are poisoned.
* * * LOW HITPOINT WARNING * * *
x2 You feel very sick.
The vampire mosquito bites you but does no damage.
The vampire mosquito closely misses you.
The vampire mosquito bites you.
* * * LOW HITPOINT WARNING * * *
A ghost crab comes into view.
The alligator bites you! The Shining One protects you from harm!
The alligator tail-slaps you.
* * * LOW HITPOINT WARNING * * *
A vampire mosquito comes into view.
A divine shield forms around you!
You die...

♣.§♣♣ ♣.♣
♣.~.♣♣♣.♣♣
♣♣<.♣♣...♣
♣...♣♣.♣♣
♣♣~....♣
♣~♣♣~~♣ ♣~~~°°♣
♣♣~.○°♣♣
♣.~○y@♣
♣.~°yyt~♣
♣♣..°y~.t§~.
♣>D.~~~~♣~~§♣
...~..~..F~R.♣
y.~~~~♣♣....y.~
~§~.~~♣♣
♣♣..§~~ §..~~.
♣♣..


You could see an eleionoma (fleeing), an alligator (swift, very poisoned), a
swamp dragon (fleeing), a ghost crab (wandering), a goliath frog (fleeing,
extremely poisoned) and 5 vampire mosquitoes.

Vanquished Creatures
  A tentacled starspawn (Abyss:3)
  Kirke (D:15)
  2 slime creatures (D:12)
  The ghost of Daelid the Impaler, a journeyman MfGl of Yredelemnul (Lair:4)
  Nessos (Lair:3)
  A bunyip (Abyss:3)
  Snorg (Lair:4)
  An ettin (D:15)
  A spriggan zombie (Abyss:3)
  4 hydras
  A vault guard (D:13)
  4 centaur warriors
  A death knight (D:9)
  3 ogre magi (Orc:2)
  4 catoblepae
  5 boulder beetles
  10 death yaks
  2 ironbound frosthearts (IceCv)
  6 two-headed ogres
  A tengu warrior (D:13)
  2 orc high priests (Orc:1)
  Urug (Lair:4)
  Nergalle (Orc:2)
  A wretched star (Abyss:3)
  4 skeletal warriors (D:14)
  A goliath frog (Lair:5)
  A deep troll (D:15)
  5 wizards
  A deep elf pyromancer (D:15)
  A will-o-the-wisp (Lair:2)
  3 ugly things
  9 orc sorcerers
  4 oklob plants (Lair:4)
  A large abomination (Abyss:3)
  9 cyclopes
  A manticore (D:12)
  2 black mambas
  28 elephants
  An apocalypse crab (Abyss:3)
  An ice statue (IceCv)
  Joseph (D:7)
  2 smoke demons (Abyss:3)
  2 torpor snails
  The ghost of greenreed the Poker, a novice GnRe (D:6)
  20 cane toads
  3 gargoyles
  7 rime drakes
  2 unseen horrors
  A yaktaur (D:13)
  Maggie (D:8)
  4 kobold demonologists
  15 komodo dragons
  Psyche (D:9)
  A freezing wraith (D:14)
  2 tengu conjurers (D:11)
  4 meliai
  12 polar bears
  A queen bee (Lair:4)
  6 trolls
  2 tyrant leeches (Lair:5)
  A wind drake (shapeshifter) (D:9)
  Prince Ribbit (D:6)
  3 hornets (D:9)
  26 blink frogs
  11 dream sheep
  2 shadows
  5 flying skulls (Abyss:3)
  A wraith (D:9)
  73 yaks
  2 hogs (D:15)
  21 humans
  3 vampires
  2 steam dragons
  11 wyverns
  2 small abominations (Abyss:3)
  A neqoxec (Abyss:3)
  6 basilisks
  15 vampire mosquitoes
  Menkaure (D:7)
  Duvessa (D:4)
  5 wargs
  3 acid dragons
  A spatial vortex (Abyss:3)
  7 nagas (Lair:3)
  15 water moccasins
  2 ice beasts (D:6)
  18 orc warriors
  2 black bears (D:8)
  A swamp drake (Swamp:1)
  5 ogres
  2 centaurs
  28 wolves
  4 phantoms
  4 kobold brigands
  4 gnoll sergeants
  19 bullfrogs
  2 necrophages
  4 scorpions
  6 wights
  Dowan (D:4)
  47 killer bees
  3 electric eels (Lair:5)
  4 howler monkeys
  3 jellies
  8 orc priests
  6 hounds
  13 iguanas
  Terence (D:3)
  46 orc wizards
  A hell rat (Lair:4)
  8 ogre zombies (D:11)
  14 gnolls
  7 adders
  A shadow imp (D:5)
  2 white imps
  4 ufetubi
  2 worms
  5 dart slugs
  96 orcs
  12 ball pythons
  7 endoplasms
  2 giant cockroaches
  6 goblins
  12 hobgoblins
  7 jackals
  26 kobolds
  3 quokkas
  7 bats
  20 frilled lizards
  A goblin skeleton (D:11)
  3 goblin zombies (D:11)
  2 hobgoblin skeletons (D:11)
  3 hobgoblin zombies (D:11)
  4 orc skeletons (D:11)
  12 orc zombies (D:11)
  4 rats
939 creatures vanquished.

Vanquished Creatures (collateral kills)
  A reaper (Abyss:3)
  A death yak (IceCv)
2 creatures vanquished.

Vanquished Creatures (others)
  A large abomination (Abyss:3)
  An orc wizard (Orc:2)
  2 bushes (D:9)
  6 foxfires (Lair:2)
  45 fungi
  109 plants
  6 starspawn tentacles (Abyss:3)
170 creatures vanquished.

Grand Total: 1111 creatures vanquished

Notes
Turn   | Place    | Note
-------+----------+-------------------------------------------
     0 | D:1      | purpskrrrp the Minotaur Fighter began the quest for the
                  | Orb.
     0 | D:1      | Reached XP level 1. HP: 19/19 MP: 0/0
   189 | D:1      | Reached XP level 2. HP: 27/27 MP: 1/1
   268 | D:1      | Reached skill level 3 in Axes
   302 | D:1      | Reached skill level 1 in Dodging
   302 | D:1      | Reached XP level 3. HP: 32/33 MP: 2/2
  1004 | D:2      | Reached XP level 4. HP: 40/40 MP: 3/3
  1176 | D:2      | Reached skill level 4 in Axes
  1450 | D:2      | You fall into a shaft and drop 2 floors!
  1552 | D:4      | Found a glowing golden altar of the Shining One.
  1619 | D:4      | Reached XP level 5. HP: 46/46 MP: 4/4
  2101 | D:3      | Found a faded altar of an unknown god.
  2128 | D:3      | Prayed at the altar of an unknown god.
  2128 | D:3      | Became a worshipper of the Shining One
  2128 | D:3      | Reached * piety under the Shining One
  2143 | D:3      | Found a shimmering altar of Xom.
  2192 | D:3      | Noticed Terence
  2198 | D:3      | Killed Terence
  2642 | D:4      | Found an iron altar of Okawaru.
  2829 | D:4      | Reached skill level 5 in Axes
  2829 | D:4      | Reached XP level 6. HP: 27/53 MP: 5/5
  3000 | D:4      | Found a staircase to the Ecumenical Temple.
  3047 | D:4      | Noticed Duvessa
  3048 | D:4      | Noticed Dowan
  3055 | D:4      | Found Irorotuk's Antique Weapon Boutique.
  3059 | D:4      | Killed Dowan
  3063 | D:4      | Killed Duvessa
  3064 | D:4      | Reached skill level 5 in Fighting
  3064 | D:4      | Reached skill level 5 in Armour
  3064 | D:4      | Reached skill level 5 in Shields
  3064 | D:4      | Reached XP level 7. HP: 8/61 MP: 4/6
  3609 | D:4      | Reached skill level 6 in Axes
  3733 | D:4      | Found an ancient bone altar of Kikubaaqudgha.
  4069 | D:5      | Entered Level 5 of the Dungeon
  4093 | D:5      | Reached skill level 1 in Invocations
  4344 | D:5      | Reached XP level 8. HP: 67/69 MP: 8/8
  4409 | D:5      | Found a snail-covered altar of Cheibriados.
  4456 | D:5      | Reached skill level 7 in Axes
  4712 | D:5      | Found a hazy altar of Hepliaklqana.
  4974 | D:6      | Reached skill level 1 in Maces & Flails
  5071 | D:6      | Found a runed translucent gate.
  5071 | D:6      | Found a runed translucent gate.
  5071 | D:6      | Found a runed translucent gate.
  5073 | D:6      | Found an opulent altar of Gozag.
  5074 | D:6      | Noticed greenreed's ghost (novice GnRe)
  5074 | D:6      | Reached ** piety under the Shining One
  5138 | D:6      | Noticed Prince Ribbit
  5158 | D:6      | Killed Prince Ribbit
  5434 | D:6      | Reached XP level 9. HP: 75/78 MP: 10/10
  5517 | D:6      | Noticed a troll
  5527 | D:6      | Banished a troll
  5528 | D:6      | Reached skill level 5 in Dodging
  5622 | D:6      | Found a white marble altar of Elyvilon.
  5725 | D:6      | Noticed a two-headed ogre
  5731 | D:6      | Killed a two-headed ogre
  5732 | D:6      | Reached skill level 5 in Maces & Flails
  6234 | D:6      | Noticed an unseen horror
  6259 | D:6      | Identified 3 scrolls of acquirement
  6259 | D:6      | Acquired the amulet "Hebbu" {Reflect rC+ SH+5}
  6279 | D:6      | Acquired the ring "Hiuv" {rN+ rCorr Str+2 Dex+4}
  6281 | D:6      | Acquired a +1 vorpal broad axe
  6466 | D:7      | Noticed Joseph
  6475 | D:7      | Killed Joseph
  6657 | D:4      | Bought a smoking quarterstaff for 234 gold pieces
  6657 | D:4      | Identified the +3 quarterstaff of the Pharaoh's Fist
                  | {venom, Int+4 SInv Stlth+} (You bought it in a shop on
                  | level 4 of the Dungeon)
  6758 | D:7      | Noticed Menkaure
  6765 | D:7      | Killed Menkaure
  6792 | D:7      | Gained mutation: You have hidden genetic defects. [potion
                  | of mutation]
  6793 | D:7      | Lost mutation: You have hidden genetic defects. [potion of
                  | mutation]
  6793 | D:7      | Gained mutation: You are strong-willed. (Will+) [potion of
                  | mutation]
  6793 | D:7      | Gained mutation: You are clumsy. (Dex -2) [potion of
                  | mutation]
  6793 | D:7      | Gained mutation: You are partially covered in iridescent
                  | scales. (AC +2) [potion of mutation]
  6843 | D:7      | Found an ornate altar of the Wu Jian Council.
  6853 | D:7      | Found a large runed translucent door.
  6853 | D:7      | Found a large runed translucent door.
  6931 | D:7      | Reached XP level 10. HP: 74/86 MP: 12/12
  6934 | D:7      | Found Jataetop's Neck Hole.
  7018 | D:7      | Reached skill level 8 in Axes
  7572 | D:7      | Found a burning altar of Makhleb.
  7579 | D:7      | Found a stormy altar of Qazlal.
  7676 | D:8      | Found an opulent altar of Gozag.
  7715 | D:8      | Noticed an elephant
  7715 | D:8      | Reached *** piety under the Shining One
  7728 | D:8      | Killed an elephant
  7738 | D:8      | Found a staircase to the Lair.
  7793 | D:8      | Found a blossoming altar of Fedhas.
  8055 | D:8      | Found a sparkling altar of Nemelex Xobeh.
  8131 | D:8      | Reached skill level 5 in Invocations
  8283 | D:8      | Noticed Maggie
  8291 | D:8      | Killed Maggie
  8292 | D:8      | Reached skill level 9 in Axes
  8889 | D:9      | Reached XP level 11. HP: 84/95 MP: 14/14
  8904 | D:9      | Reached skill level 10 in Axes
  9037 | D:9      | Noticed a two-headed ogre
  9049 | D:9      | Killed a two-headed ogre
  9195 | D:9      | Noticed a two-headed ogre
  9196 | D:9      | Noticed a boulder beetle
  9196 | D:9      | Noticed a death knight
  9205 | D:9      | Killed a two-headed ogre
  9220 | D:9      | Killed a death knight
  9244 | D:9      | Killed a boulder beetle
  9245 | D:9      | Reached skill level 11 in Axes
  9653 | D:9      | Reached **** piety under the Shining One
  9654 | D:9      | Noticed a two-headed ogre
  9660 | D:9      | Killed a two-headed ogre
  9945 | D:9      | Found a basalt altar of Yredelemnul.
  9960 | D:9      | Noticed Psyche
  9964 | D:9      | Killed Psyche
 10000 | D:9      | Noticed a two-headed ogre
 10006 | D:9      | Killed a two-headed ogre
 10007 | D:9      | Reached XP level 12. HP: 74/106 MP: 16/16
 10203 | D:10     | Entered Level 10 of the Dungeon
 11103 | D:11     | Reached skill level 12 in Axes
 11103 | D:11     | Reached skill level 10 in Armour
 11316 | D:11     | Found a staircase to the Orcish Mines.
 11316 | D:11     | Reached ***** piety under the Shining One
 11322 | D:11     | Reached skill level 10 in Fighting
 11370 | D:11     | Found a radiant altar of Vehumet.
 11546 | D:11     | Found a frozen archway.
 11561 | IceCv    | Entered an ice cave
 11907 | IceCv    | Reached skill level 13 in Axes
 12094 | IceCv    | Noticed a death yak
 12111 | IceCv    | Killed a death yak
 12513 | IceCv    | Noticed a death yak
 12513 | IceCv    | Noticed an ironbound frostheart
 12513 | IceCv    | Noticed an ironbound frostheart
 12513 | IceCv    | Noticed a death yak
 12514 | IceCv    | Noticed a death yak
 12522 | IceCv    | Killed a death yak
 12525 | IceCv    | Killed a death yak
 12526 | IceCv    | Reached XP level 13. HP: 50/116 MP: 7/18
 13071 | IceCv    | Reached skill level 14 in Axes
 13683 | D:7      | Bought the +0 cloak of the Turtle {Dex+7} for 314 gold
                  | pieces
 14077 | D:12     | The Shining One protects you from harm!
 14079 | D:12     | Reached skill level 10 in Dodging
 14859 | D:13     | Found an iron altar of Okawaru.
 15019 | D:13     | Reached ****** piety under the Shining One
 15025 | D:13     | Reached skill level 15 in Axes
 15043 | D:13     | Reached skill level 1 in Evocations
 15284 | D:13     | Found a gate to the Vaults.
 15296 | Abyss:3  | Cast into level 3 of the Abyss (a wizard)
 15357 | Abyss:3  | Noticed a reaper
 15363 | Abyss:3  | Killed a reaper
 15415 | Abyss:3  | Noticed a tentacled starspawn
 15457 | Abyss:3  | Killed a tentacled starspawn
 15458 | Abyss:3  | Reached XP level 14. HP: 113/126 MP: 19/19
 15588 | D:13     | Escaped the Abyss
 16836 | D:14     | Reached skill level 16 in Axes
 17225 | D:15     | Entered Level 15 of the Dungeon
 17289 | D:15     | Identified the +5 war axe of Living Conscience {pain,
                  | Str+4}
 17499 | D:15     | Found a flickering gateway to a bazaar.
 17514 | Bazaar   | Entered a bazaar
 17613 | Bazaar   | Found Sytob's Magic Scroll Boutique.
 17617 | Bazaar   | Found Mitejog's Weapon Boutique.
 17617 | Bazaar   | Found Ojameaz's Jewellery Boutique.
 17617 | Bazaar   | Found Neovones's Antique Weapon Boutique.
 17661 | Bazaar   | Bought a scroll of blinking for 97 gold pieces
 17661 | Bazaar   | Bought a scroll of enchant armour for 97 gold pieces
 17661 | Bazaar   | Bought a scroll of identify for 26 gold pieces
 17671 | Bazaar   | Bought the ring of Ekeiply {rElec Will- EV+4 Str+10 Int-5}
                  | for 619 gold pieces
 17711 | D:15     | Reached skill level 5 in Evocations
 18023 | D:15     | Found a staircase to the Depths.
 18149 | D:15     | Noticed Kirke
 18163 | D:15     | Killed Kirke
 18557 | Lair:1   | Entered Level 1 of the Lair of Beasts
 18569 | Lair:1   | Reached skill level 10 in Invocations
 19811 | Lair:2   | Found a staircase to the Swamp.
 20284 | Lair:2   | Reached XP level 15. HP: 135/135 MP: 21/21
 20657 | Lair:3   | Noticed Nessos
 20911 | Lair:3   | Reached skill level 17 in Axes
 21375 | Lair:3   | Identified the +12 flail of the Skies Above {vamp, *Noise
                  | rC+++ Str+8 Dex-5}
 21604 | Lair:3   | Killed Nessos
 21868 | Lair:3   | Found a staircase to the Snake Pit.
 22242 | Lair:4   | Found a runed translucent gate.
 22344 | Lair:4   | Noticed Snorg
 22350 | Lair:4   | Killed Snorg
 22358 | Lair:4   | Found a staircase to the Slime Pits.
 22459 | Lair:4   | Noticed Urug
 22469 | Lair:4   | Killed Urug
 22654 | Lair:4   | Found a runed translucent gate.
 22654 | Lair:4   | Noticed Daelid's ghost (journeyman MfGl)
 22655 | Lair:4   | Found a runed translucent gate.
 22899 | Lair:4   | Reached skill level 18 in Axes
 23453 | Lair:5   | Entered Level 5 of the Lair of Beasts
 23807 | Lair:5   | Reached XP level 16. HP: 145/145 MP: 23/23
 24939 | Lair:4   | Killed Daelid's ghost
 25150 | Lair:4   | Identified the ring "Tujyatim" {+Blink Int+6 Dex+6}
 25408 | D:6      | Killed greenreed's ghost
 25569 | Orc:1    | Entered Level 1 of the Orcish Mines
 25723 | Orc:2    | Entered Level 2 of the Orcish Mines
 26142 | Orc:2    | Found a staircase to the Elven Halls.
 26441 | Orc:2    | Found Voeh's Magic Scroll Boutique.
 26474 | Orc:2    | Found an ancient bone altar of Kikubaaqudgha.
 26474 | Orc:2    | Noticed Nergalle
 26488 | Orc:2    | Killed Nergalle
 26528 | Orc:2    | Found a radiant altar of Vehumet.
 26597 | Orc:2    | Found Nualio's Antique Armour Shop.
 26626 | Orc:2    | Found Doteoca's Jewellery Boutique.
 26642 | Orc:2    | Found Minliah's Jewellery Shop.
 26806 | Orc:1    | Reached skill level 19 in Axes
 27272 | Swamp:1  | Entered Level 1 of the Swamp
 27289 | Swamp:1  | Identified the ring "Rodei" {rF+ Int+3 Dex+4}
 27308 | Swamp:1  | HP: 5/147 [vampire mosquito (3)]
 27308 | Swamp:1  | The Shining One protects you from harm!
 27309 | Swamp:1  | Succumbed to a swamp dragon's poison gas

Illustrated notes

Levels and vault maps discovered:
D:1:      dpeg_arrival_water_temple_mockup, layout_basic,
          nicolae_figureground_pulse
D:2:      layout_loops_cross, minmay_goblin_kobold_house
D:3:      layout_basic, xom_teletrap_fun,
          hellmonk_ecumenical_altar_heavens_door, chequers_jeans, minmay_cupped,
          uniq_terence
D:4:      cheibrodos_thug_alley, layout_layer_cave, tso_altar,
          mainiacjoe_overflow_brackets, mainiacjoe_overflow_boulevard,
          minmay_temple_entry_sparse_star, serial_shops, shop, uniq_duvessa
D:5:      layout_basic, lemuel_doored_altar, nicolae_hepliaklqana_hazy_memory,
          minmay_a_box_with_orc_wizards_in_it
D:6:      minmay_chambers_of_sixes, layout_basic, mainiacjoe_overflow_alcove_4,
          ebering_ghost_gozag, uniq_prince_ribbit1
D:7:      layout_layer_cave, mainiacjoe_overflow_small_starburst,
          jmf_multi_god_temple2, nicolae_shop_sticking_my_neck_out,
          uniq_menkaure, uniq_joseph
D:8:      layout_cave_pods, nicolae_gozag_cash_rules_everything_around_me,
          fedhas_ov_isle_minmay, mainiacjoe_overflow_catwalk,
          david_lair_generic, special_room [special_room_orc], uniq_maggie
D:9:      nzn_winding_woodlands_medium [nzn_winding_woodlands_5x5_three,
          nzn_winding_woodlands_5x15_sawtooth,
          nzn_winding_woodlands_5x5_closed_star,
          nzn_winding_woodlands_5x5_cross, nzn_winding_woodlands_center_garden,
          nzn_winding_woodlands_5x5_default, nzn_winding_woodlands_hourglass,
          nzn_winding_woodlands_5x15_crooked,
          nzn_winding_woodlands_5x5_checkerboard], layout_rooms,
          mainiacjoe_overflow_chevrons, blue_anna_alchemist, uniq_psyche
D:10:     layout_cave_pods, chequers_decorated_corner, hangedman_decor_riveting
D:11:     layout_irregular_city, zombieorc2_lemuel,
          portal_ice_cave_entry_pillars_1, nicolae_vehumet_radiance
D:12:     layout_roguey
D:13:     layout_small_grid, grunt_vaults_entry_tiered, minmay_ruined_shrine
D:14:     layout_basic, minivault_26
D:15:     hangedman_depths_entry_civil_slaughter, layout_irregular_city,
          small_statue_intersection, serial_shops, bzr_entry_customers,
          uniq_kirke
Lair:1:   lemuel_reptile_caves, layout_regular_city, grunt_megastairs_1
Lair:2:   layout_small_grid, minmay_swamp_entry_wisps
Lair:3:   layout_cellular_growth, minmay_snake_entry_guardpost_medium,
          uniq_nessos
Lair:4:   hangedman_what_comes_after_a, layout_regular_city, slime_entry_1,
          gammafunk_ghost_split, uniq_snorg, uniq_urug
Lair:5:   minmay_lair_end_frog_pond, layout_regular_city, serial_bayou_shore_a
Swamp:1:  layout_falls_marsh, nicolae_swamp_orc_logging_accident
Orc:1:    layout_caves
Orc:2:    kennysheep_orc_mage_school, layout_caves, nicolae_orc_crystal_geode

Skill      XL: |  1  2  3  4  5  6  7  8  9 10 11 12 13 14 15 16 |
---------------+-------------------------------------------------+-----
Axes           | 3 4 5 6 7 9 11 13 15 16 18 19 | 19.0
Dodging        | 1 2 3 4 5 7 8 9 10 11 12 13 | 13.1
Armour         | 4 5 6 7 8 9 11 12 13 14 | 14.5
Fighting       | 4 5 6 7 8 9 11 12 13 14 | 14.4
Shields        | 4 5 6 7 8 9 |  9.6
Invocations    | 1 3 4 5 6 8 9 10 11 | 11.6
Maces & Flails | 3 5 |  5.7
Evocations     | 3 6 8 9 |  9.7

Action                   |  1- 3 |  4- 6 |  7- 9 | 10-12 | 13-15 | 16-18 || total
-------------------------+-------+-------+-------+-------+-------+-------++-------
Melee: War axe           |    67 |   128 |    83 |       |       |       ||   278
       Headbutt          |     5 |    20 |    22 |   108 |   228 |    55 ||   438
       Flail             |       |       |    57 |       |       |       ||    57
       Broad axe         |       |       |    23 |     2 |       |       ||    25
       Battleaxe         |       |       |       |   439 |   806 |   241 ||  1486
Throw: Throwing net      |       |     1 |       |       |       |       ||     1
Invok: Divine Shield     |       |     1 |       |     1 |       |     1 ||     3
       Summon Divine War |       |       |       |     1 |       |       ||     1
       Cleansing Flame   |       |       |       |       |     2 |       ||     2
Evoke: Wand              |       |       |       |       |     2 |     1 ||     3
  Use: Scroll            |     5 |     9 |     3 |     5 |    15 |     5 ||    42
       Potion            |       |     3 |     2 |     3 |     8 |     1 ||    17
Armor: Scale mail        |    38 |    39 |       |       |       |       ||    77
       Chain mail        |       |    17 |    12 |       |    44 |    77 ||   150
       Ring mail         |       |       |    48 |   110 |   173 |       ||   331
Dodge: Dodged            |    30 |    62 |    75 |   313 |   634 |   179 ||  1293
Block: Buckler           |    19 |    36 |    44 |     2 |       |       ||   101
       Reflection        |       |       |     1 |     3 |     9 |     1 ||    14
       Other             |       |       |       |   103 |   156 |    38 ||   297

Table legend: (Time is in decaauts)
 A = Elapsed time spent in this place.
 B = Non-inter-level travel time spent in this place.
 C = Inter-level travel time spent in this place.
 D = Time resting spent in this place.
 E = Time spent auto-exploring this place.
 F = Levels seen in this place.
 G = Mean time per level.
                   A        B        C        D        E       F      G
               +--------+--------+--------+--------+--------+-----+--------+
         Total |  27327 |  25693 |   1634 |   3429 |  17370 |  26 | 1051.0 |
       Dungeon |  17005 |  15846 |   1159 |   2226 |  10698 |  15 | 1133.7 |
          Lair |   6640 |   6358 |    282 |    679 |   4541 |   5 | 1328.0 |
         Swamp |     36 |     36 |      0 |      0 |     13 |   1 |   36.0 |
  Orcish Mines |   1573 |   1381 |    192 |      0 |   1158 |   2 |  786.5 |
         Abyss |    287 |    287 |      0 |     61 |     22 |   1 |  287.0 |
        Bazaar |    170 |    170 |      0 |      0 |     99 |   1 |  170.0 |
      Ice Cave |   1613 |   1613 |      0 |    462 |    837 |   1 | 1613.0 |
               +--------+--------+--------+--------+--------+-----+--------+

Top non-repeatable levels by time:
     D:4: 1625 daAuts
     D:6: 1613 daAuts
   IceCv: 1613 daAuts
  Lair:4: 1594 daAuts
  Lair:5: 1454 daAuts
     D:9: 1442 daAuts
     D:7: 1429 daAuts
    D:13: 1381 daAuts
     D:8: 1359 daAuts
  Lair:2: 1267 daAuts
  Lair:3: 1215 daAuts
  Lair:1: 1108 daAuts
   Orc:2: 1086 daAuts
    D:15: 1042 daAuts
    D:10: 992 daAuts
